 Seeded DCSS version 0.30-a0-390-g80c34de65d (webtiles) character file.

Game seed: 16022020337683869430 (custom seed)

19156 purpskrrrp the Impaler (level 12, -8/102 HPs)
             Began as a Merfolk Fighter on Dec 4, 2022.
             Was an Initiate of Gozag.
             Mangled by Urug
             ... wielding a +5 glaive of freezing
              (9 damage)
             ... on level 12 of the Dungeon.
             The game lasted 00:32:06 (10516 turns).

purpskrrrp the Impaler (Merfolk Fighter)           Turns: 10516, Time: 00:32:07

Health: -8/102     AC: 13    Str: 39    XL:     12   Next: 66%
Magic:  12/12      EV: 20    Int:  4    God:    Gozag
Gold:   471        SH:  6    Dex: 22    Spells: 11/11 levels left

rFire   + . .      SeeInvis .    K - +3 trident "Secret Weapon" {chaos, rElec}
rCold   . . .      Faith    .    c - +0 buckler
rNeg    . . .      Spirit   .    S - +5 scale mail of Exclusion {Rampage rF+ Str+8 Int-2}
rPois   +          Reflect  .    P - +0 hat {Will+}
rElec   +          Harm     .    p - +2 cloak
rCorr   .          Rampage  +    I - +1 pair of gloves "Cudeluph" {rPois Dex+3}
Will    +....                    J - +0 pair of boots
Stlth   ..........               r - amulet of regeneration
HPRegen 1.17/turn                w - +6 ring of dexterity
MPRegen 0.13/turn                L - +6 ring of strength

@: corroded, gold aura
A: (nimble swimmer 2), mertail, strong 1
a: Renounce Religion, Potion Petition, Call Merchant, Bribe Branch


You were on level 12 of the Dungeon.
You worshipped Gozag.
Gozag was aware of your devotion.
You visited 1 branch of the dungeon, and saw 12 of its levels.

You collected 3064 gold pieces.
You spent 1354 gold pieces at shops.
You paid 1239 gold pieces to Gozag.

Inventory:

Hand Weapons
 a - a +0 trident
 t - the +2 spear of Disintegration {drain, Will++ Dex+3 SInv Stlth-}
   (You found it on level 4 of the Dungeon)

   A truly terrible weapon, it drains the life of any living foe it strikes.
   Dex:       It affects your dexterity (+3).
   SInv:      It lets you see invisible.
   Will:      It greatly increases your willpower.
   Stlth:     It makes you less stealthy.
 y - the +9 whip "Zuocufo" {vorpal, rN++ Will- Int+5}
   (You found it on level 5 of the Dungeon)

   It inflicts extra damage upon your enemies.
   Int:       It affects your intelligence (+5).
   rN:        It greatly protects you from negative energy.
   Will:      It decreases your willpower.
 z - a +3 demon whip of chaos
 A - the +6 lajatang of Past Mistakes {vamp, Will++ Stlth-}
   (You bought it in a shop on level 8 of the Dungeon)

   It occasionally heals its wielder for a portion of the damage dealt when it
   wounds a living foe.
   Will:      It greatly increases your willpower.
   Stlth:     It makes you less stealthy.
 K - the +3 trident "Secret Weapon" (weapon) {chaos, rElec}
   (You found it on level 9 of the Dungeon)

   Each time it hits an enemy it has a different, random effect.
   rElec:     It insulates you from electricity.
Armour
 b - a +0 scale mail
 c - a +0 buckler (worn)
 j - a +0 tower shield
 p - a +2 cloak (worn)
 G - a +0 pair of gloves
 I - the +1 pair of gloves "Cudeluph" (worn) {rPois Dex+3}
   (You found it on level 9 of the Dungeon)

   Dex:       It affects your dexterity (+3).
   rPois:     It protects you from poison.
 J - a +0 pair of boots (worn)
 P - a +0 hat of willpower (worn)
 R - a +0 helmet of intelligence
 S - the +5 scale mail of Exclusion (worn) {Rampage rF+ Str+8 Int-2}
   (You bought it in a shop on level 11 of the Dungeon)

   Str:       It affects your strength (+8).
   Int:       It affects your intelligence (-2).
   rF:        It protects you from fire.
   Rampage:   It bestows one free step when moving towards enemies.
Jewellery
 m - a ring of protection from fire
 o - an amulet of guardian spirit
 r - an amulet of regeneration (around neck)
 w - a +6 ring of dexterity (left hand)
 L - a +6 ring of strength (right hand)
Wands
 u - a wand of flame (3)
 B - a wand of polymorph (5)
 N - a wand of iceblast (2)
 O - a wand of charming (4)
Scrolls
 e - 2 scrolls of teleportation
 n - 3 scrolls of amnesia
 q - a scroll of silence
 x - a scroll of fear
 C - 3 scrolls of torment
Potions
 d - 3 potions of might
 f - 3 potions of curing
 h - 4 potions of mutation
 i - 2 potions of magic
 k - 5 potions of flight
 l - 3 potions of haste
 s - a potion of lignification {unknown}
 v - 5 potions of degeneration
 D - 2 potions of brilliance {unknown}
 E - 2 potions of ambrosia {unknown}
 F - 3 potions of attraction {unknown}
 H - a potion of heal wounds {unknown}
 Q - a potion of berserk rage {unknown}


   Skills:
 + Level 11.8 Fighting
 * Level 18.5 Polearms
 - Level 2.2 Armour
 + Level 13.2 Dodging
 - Level 3.0 Shields


You had 11 spell levels left.
You didn't know any spells.
Your spell library contained the following spells:

 Spells                   Type           Power      Damage    Failure   Level
 Sting                    Tmut/Pois      0%         1d3       80%         1
 Poisonous Vapours        Pois/Air       0%         N/A       90%         2
 Olgreb's Toxic Radiance  Pois           0%         N/A       100%        4
 Borgnjor's Vile Clutch   Necr/Erth      0%         N/A       100%        5
 Death Channel            Necr           0%         N/A       100%        6
 Animate Dead             Necr           Unusable   N/A       N/A         4

Dungeon Overview and Level Annotations

Branches:
Dungeon (12/15)            Temple (0/1) D:7            Lair (0/5) D:9
    Orc (0/2) D:9

Altars:
Ashenzari
Dithmenos
Fedhas
Gozag
Hepliaklqana
Okawaru
Qazlal
Trog
Wu Jian
Yredelemnul
Zin
The Shining One

Shops:
D:6 *   D:8 (   D:11 [

Annotations:
D:5 1 runed translucent door
D:9 2 runed translucent doors
D:12 Urug


Innate Abilities, Weirdness & Mutations

((You are very nimble when in or above water. (Stealth+, EV+, Speed+++)))
Your lower body shifts to a powerful aquatic tail in water.
Your muscles are strong. (Str +4, Int/Dex -1)


Message History

Urug is heavily wounded.
Urug is distracted by your dazzling golden aura.
Something misses you. Something bites you but does no damage.
You reach to attack!
Urug shouts!
You puncture Urug!
Urug is no longer distracted by gold.
Urug resists with almost no effort.
Urug is heavily wounded.
Urug hits you from afar with a +5 glaive of freezing!
Urug freezes you. Something draws life force from you!
* * * LOW HITPOINT WARNING * * *
You are too injured to fight recklessly!
You are too injured to fight recklessly!
You are too injured to fight recklessly!
You are too injured to fight recklessly!
You are too injured to fight recklessly!
You are too injured to fight recklessly!
You are too injured to fight recklessly!
You are too injured to fight recklessly!
You are too injured to fight recklessly!
You are too injured to fight recklessly!
You are too injured to fight recklessly!
You are too injured to fight recklessly!
You are too injured to fight recklessly!
You are too injured to fight recklessly!
You are too injured to fight recklessly!
You are too injured to fight recklessly!
You are too injured to fight recklessly!
You are too injured to fight recklessly!
You are too injured to fight recklessly!
You are too injured to fight recklessly!
You are too injured to fight recklessly!
You are too injured to fight recklessly!
As you read the scroll of fog, it crumbles to dust.
The scroll dissolves into smoke.
Urug hits you from afar with a +5 glaive of freezing!!
* * * LOW HITPOINT WARNING * * *
Urug freezes you!
You die...
Your body crumbles into a pile of gold.

H......... ....
...D...... ....
.........# #..# ####
.........# #..# ....$
.........# #..# ...
.........# #..# ..#
.........#####..#####..#
..........H.<.o§§§§....#
...............§@§.....#
..####..######§§§{.....#
..# #..# #..§..........
..# #..# #.............
..# #..# #.............
..# #..# #.............
..# #..# #.............
..# #..# #.............
..# #..#


You could see Urug (berserk) and a manticore.

Vanquished Creatures
  A hydra (D:12)
  Erica (D:11)
  3 two-headed ogres
  Nergalle (D:10)
  Lodul (D:11)
  2 ugly things (D:12)
  2 manticores (D:11)
  An unseen horror (D:12)
  2 kobold demonologists (D:11)
  A komodo dragon (D:12)
  3 hornets
  3 trolls
  4 slime creatures (D:12)
  A vampire (D:11)
  A wraith (D:11)
  2 wyverns
  23 yaks
  4 vampire mosquitoes
  3 steam dragons
  A redback (shapeshifter) (D:10)
  An acid dragon (D:8)
  3 water moccasins
  3 ice beasts
  A black bear (D:8)
  4 orc warriors
  5 centaurs
  10 ogres
  6 kobold brigands
  A necrophage (D:6)
  3 bullfrogs
  3 scorpions (D:5)
  10 wights
  17 killer bees
  6 howler monkeys
  9 orc priests
  5 hounds
  An iguana (D:7)
  2 jellies (D:6)
  Ijyb (D:4)
  10 orc wizards
  13 adders
  8 gnolls
  2 shadow imps (D:7)
  A white imp (D:5)
  A worm (D:2)
  11 dart slugs
  36 orcs
  8 ball pythons
  10 endoplasms
  2 giant cockroaches
  10 goblins
  11 hobgoblins
  2 jackals (D:1)
  26 kobolds
  4 quokkas
  3 bats
  3 frilled lizards
  6 rats
318 creatures vanquished.

Vanquished Creatures (others)
  A plant (D:4)
1 creature vanquished.

Grand Total: 319 creatures vanquished

Notes
Turn   | Place    | Note
-------+----------+-------------------------------------------
     0 | D:1      | purpskrrrp the Merfolk Fighter began the quest for the Orb.
     0 | D:1      | Reached XP level 1. HP: 18/18 MP: 1/1
    93 | D:1      | Reached skill level 3 in Polearms
    93 | D:1      | Reached XP level 2. HP: 24/24 MP: 2/2
   441 | D:1      | Reached skill level 1 in Dodging
   483 | D:1      | Reached XP level 3. HP: 26/29 MP: 3/3
  1224 | D:2      | Reached skill level 4 in Polearms
  1329 | D:2      | Reached XP level 4. HP: 37/37 MP: 4/4
  1906 | D:3      | Gained mutation: Your muscles are strong. (Str +4, Int/Dex
                  | -1) [potion of mutation]
  1931 | D:3      | Found an opulent altar of Gozag.
  2130 | D:3      | Found a hazy altar of Hepliaklqana.
  2221 | D:3      | Found a glowing silver altar of Zin.
  2224 | D:3      | Found an iron altar of Okawaru.
  2416 | D:3      | Reached skill level 5 in Polearms
  2416 | D:3      | Reached XP level 5. HP: 40/42 MP: 5/5
  2458 | D:3      | Became a worshipper of Gozag Ym Sagoz the Greedy
  2832 | D:4      | Identified the +2 spear of Disintegration {drain, Will++
                  | Dex+3 SInv Stlth-}
  2849 | D:4      | Noticed Ijyb
  2857 | D:4      | Killed Ijyb
  2876 | D:4      | Found a blossoming altar of Fedhas.
  2955 | D:4      | Reached XP level 6. HP: 49/49 MP: 6/6
  3114 | D:4      | Reached skill level 6 in Polearms
  3212 | D:4      | Found a glowing golden altar of the Shining One.
  3649 | D:5      | Entered Level 5 of the Dungeon
  3787 | D:5      | Reached skill level 5 in Fighting
  3787 | D:5      | Reached XP level 7. HP: 55/56 MP: 7/7
  3809 | D:5      | Reached skill level 7 in Polearms
  4048 | D:5      | Reached skill level 8 in Polearms
  4048 | D:5      | Reached skill level 5 in Dodging
  4140 | D:5      | Identified the +9 whip "Zuocufo" {vorpal, rN++ Will- Int+5}
  4172 | D:5      | Found a runed translucent door.
  4731 | D:6      | Reached XP level 8. HP: 62/64 MP: 8/8
  4749 | D:6      | Found Qifegur's CLEARANCE SALE!.
  4772 | D:6      | Noticed a +0 hand axe
  4772 | D:6      | Noticed a +0 hand axe
  4872 | D:6      | Reached skill level 9 in Polearms
  4981 | D:6      | You fall into a shaft and drop 1 floor!
  5155 | D:7      | Reached skill level 10 in Polearms
  5274 | D:7      | Reached XP level 9. HP: 71/71 MP: 9/9
  5285 | D:7      | Found a staircase to the Ecumenical Temple.
  5428 | D:7      | Reached skill level 11 in Polearms
  5883 | D:8      | Noticed a hornet
  5897 | D:8      | Killed a hornet
  5898 | D:8      | Reached skill level 12 in Polearms
  5954 | D:8      | Found a shadowy altar of Dithmenos.
  6345 | D:8      | Bought a scorched lajatang for 720 gold pieces
  6345 | D:8      | Identified the +6 lajatang of Past Mistakes {vamp, Will++
                  | Stlth-} (You bought it in a shop on level 8 of the Dungeon)
  6356 | D:9      | Reached XP level 10. HP: 79/80 MP: 10/10
  6386 | D:9      | Found a broken altar of Ashenzari.
  6408 | D:9      | Reached skill level 13 in Polearms
  6573 | D:10     | Entered Level 10 of the Dungeon
  6822 | D:9      | Found a staircase to the Orcish Mines.
  6847 | D:9      | Reached skill level 14 in Polearms
  6928 | D:9      | Reached skill level 10 in Dodging
  7001 | D:9      | Identified the +1 pair of gloves "Cudeluph" {rPois Dex+3}
  7051 | D:9      | Identified the +3 trident "Secret Weapon" {chaos, rElec}
  7159 | D:9      | Found a staircase to the Lair.
  7186 | D:9      | Found a runed translucent door.
  7236 | D:9      | Found a stormy altar of Qazlal.
  7302 | D:9      | Found a runed translucent door.
  8050 | D:9      | Reached skill level 15 in Polearms
  8050 | D:9      | Reached XP level 11. HP: 54/89 MP: 11/11
  8375 | D:10     | Found a basalt altar of Yredelemnul.
  8482 | D:10     | a steam dragon changed into a glowing shapeshifter
  8482 | D:10     | Noticed a glowing shapeshifter (glowing shapeshifter)
  8482 | D:10     | a glowing shapeshifter changed into a deep troll
  8482 | D:10     | Noticed a deep troll (glowing shapeshifter)
  8485 | D:10     | a deep troll changed into a merfolk
  8490 | D:10     | a merfolk changed into a sea snake
  8490 | D:10     | Noticed a sea snake (glowing shapeshifter)
  8493 | D:10     | a sea snake changed into a swamp worm
  8498 | D:10     | a swamp worm changed into a shining eye
  8498 | D:10     | Noticed a shining eye (glowing shapeshifter)
  8500 | D:10     | a shining eye changed into a redback
  8563 | D:10     | Found a bloodstained altar of Trog.
  8633 | D:10     | Noticed a two-headed ogre
  8647 | D:10     | Killed a two-headed ogre
  8648 | D:10     | Reached skill level 10 in Fighting
  8698 | D:10     | Noticed Nergalle
  8710 | D:10     | Killed Nergalle
  8818 | D:10     | Reached skill level 16 in Polearms
  8861 | D:10     | Found an ornate altar of the Wu Jian Council.
  8993 | D:11     | Noticed Erica
  8993 | D:11     | Noticed a manticore
  9389 | D:11     | Killed a manticore
  9456 | D:11     | Killed Erica
  9489 | D:11     | Reached skill level 17 in Polearms
  9552 | D:11     | Noticed Lodul
  9561 | D:11     | Killed Lodul
  9562 | D:11     | Reached XP level 12. HP: 99/99 MP: 12/12
  9648 | D:11     | Noticed a two-headed ogre
  9654 | D:11     | Killed a two-headed ogre
  9699 | D:11     | Noticed a two-headed ogre
  9717 | D:11     | Killed a two-headed ogre
 10107 | D:11     | Bought a glowing helmet for 202 gold pieces
 10107 | D:11     | Bought a faintly glowing scale mail for 243 gold pieces
 10107 | D:11     | Identified the +5 scale mail of Exclusion {Rampage rF+
                  | Str+8 Int-2} (You bought it in a shop on level 11 of the
                  | Dungeon)
 10125 | D:11     | Bought a runed hat for 189 gold pieces
 10171 | D:12     | Reached skill level 18 in Polearms
 10195 | D:12     | Noticed a seven-headed hydra
 10204 | D:12     | Noticed Urug
 10493 | D:12     | Noticed a two-headed ogre
 10506 | D:12     | Killed a seven-headed hydra
 10516 | D:12     | HP: 1/102 [Urug/+5 glaive of freezing (24)]
 10516 | D:12     | Mangled by Urug

Illustrated notes

Levels and vault maps discovered:
D:1:      saegor_arrival_simple_c, layout_basic, kennysheep_nondescript
D:2:      layout_basic, grunt_ministairs_13
D:3:      layout_loops_cross, mainiacjoe_overflow_six_doors_small,
          mainiacjoe_overflow_cross_hatched, minitemple
D:4:      kennysheep_slugbush, layout_basic, tso_oasis_becter,
          kennysheep_mini_moat, kennysheep_generic_room_12, uniq_ijyb
D:5:      layout_loops_cross, lightli_church_of_beogh
D:6:      layout_cave_pools, dancing_weapons_uskayaw, led_sif_pool,
          nicolae_shop_clearance, uniq_menkaure
D:7:      layout_rooms, minmay_temple_entry_purple_smoke, grunt_ministairs_4,
          abandoned_shop
D:8:      layout_rooms, grunt_dithmenos_smoke, st_stairs_5, solitary_fountain
D:9:      cheibrodos_histonic, layout_gridville, cheibrodos_ashenzari_chains,
          mainiacjoe_overflow_alcove_1, dpeg_oklobed_lair, orc_david_3,
          minmay_fractal_squares_diagonal_5
D:10:     layout_irregular_city, kennysheep_mini, general_overflow_altar,
          mainiacjoe_overflow_small_starburst, minivault_27, uniq_nergalle
D:11:     layout_cross, minmay_misc_feat_nine_boxes, david_defended_altar_orc,
          uniq_erica, uniq_lodul
D:12:     layout_small_grid, special_room [special_room_bee], uniq_urug

Skill      XL: |  1  2  3  4  5  6  7  8  9 10 11 12 |
---------------+-------------------------------------+-----
Polearms       | 3 4 5 6 8 10 12 15 17 18 | 18.5
Dodging        | 1 2 3 4 5 7 8 10 12 13 | 13.2
Fighting       | 4 5 6 8 9 10 11 | 11.8
Armour         | |  2.2
Shields        | |  3.0

Action                   |  1- 3 |  4- 6 |  7- 9 | 10-12 || total
-------------------------+-------+-------+-------+-------++-------
Melee: Trident           |   112 |   139 |       |   564 ||   815
       Spear             |       |    70 |   324 |   181 ||   575
Invok: Call Merchant     |       |       |     1 |     1 ||     2
Evoke: Wand              |       |       |     4 |    25 ||    29
  Use: Scroll            |     2 |    10 |     8 |    12 ||    32
       Potion            |       |     3 |     2 |     4 ||     9
 Stab: Distracted        |       |       |     1 |     7 ||     8
       Petrifying        |       |       |       |     2 ||     2
       Confused          |       |       |       |     4 ||     4
       Paralysed         |       |       |       |     2 ||     2
Armor: Scale mail        |    36 |    55 |    49 |   132 ||   272
Dodge: Dodged            |    47 |    59 |    91 |   368 ||   565
Block: Buckler           |    25 |    24 |    39 |   109 ||   197

Table legend: (Time is in decaauts)
 A = Elapsed time spent in this place.
 B = Non-inter-level travel time spent in this place.
 C = Inter-level travel time spent in this place.
 D = Time resting spent in this place.
 E = Time spent auto-exploring this place.
 F = Levels seen in this place.
 G = Mean time per level.
                   A        B        C        D        E       F      G
               +--------+--------+--------+--------+--------+-----+--------+
         Total |  10117 |   9670 |    447 |   1306 |   5990 |  12 |  843.1 |
       Dungeon |  10117 |   9670 |    447 |   1306 |   5990 |  12 |  843.1 |
               +--------+--------+--------+--------+--------+-----+--------+

Top non-repeatable levels by time:
     D:9: 1408 daAuts
    D:10: 1145 daAuts
     D:5: 1053 daAuts
     D:4: 1026 daAuts
     D:2: 1017 daAuts
    D:11: 936 daAuts
     D:1: 830 daAuts
     D:3: 771 daAuts
     D:7: 762 daAuts
     D:8: 525 daAuts
    D:12: 390 daAuts
     D:6: 248 daAuts
